 Dungeon Crawl Stone Soup version 0.27.0-1-g7a089689b8 (webtiles) character file.

Game seed: 17262737233870133303

21 ZARRMARR the Stinger (level 2, -1/15 HPs)
             Began as a Gargoyle Venom Mage on July 31, 2021.
             Slain by a worm (8 damage)
             ... on level 2 of the Dungeon.
             The game lasted 00:04:39 (1325 turns).

ZARRMARR the Stinger (Gargoyle Venom Mage)          Turns: 1325, Time: 00:04:40

Health: -1/15      AC:  5    Str: 11    XL:     2   Next: 83%
Magic:  2/5        EV: 12    Int: 15    God:
Gold:   26         SH:  0    Dex: 10    Spells: 4/5 levels left

rFire    . . .     SeeInvis .   e - +0 dagger (speed)
rCold    . . .     Faith    .   (no shield)
rNeg     + . .     Spirit   .   a - +0 robe
rPois    ∞         Reflect  .   (no helmet)
rElec    +         Harm     .   (no cloak)
rCorr    .         Rampage  .   (no gloves)
Will     .....                  k - +0 pair of boots
Stlth    ++........             (no amulet)
HPRegen  0.05/turn              (no ring)
MPRegen  0.09/turn              (no ring)

@: no status effects
A: sickness immunity, AC +2, negative energy resistance 1, electricity
resistance, torment resistance 1, petrification resistance
a: no special abilities


You were on level 2 of the Dungeon.
You visited 1 branch of the dungeon, and saw 2 of its levels.

You collected 26 gold pieces.

Inventory:

Hand Weapons
 e - a +0 dagger of speed (weapon)
Armour
 a - a +0 robe (worn)
 k - a +0 pair of boots (worn)
Jewellery
 b - a ring of fire
Scrolls
 f - a scroll of fear
 g - a scroll of teleportation
 l - a scroll of silence {unknown}
Potions
 c - 2 potions of haste {unknown}
 h - 3 potions of attraction {unknown}
 i - a potion of flight {unknown}
 j - a potion of degeneration {unknown}


   Skills:
 + Level 1.7 Dodging
 + Level 2.4 Stealth
 + Level 2.1 Spellcasting
 + Level 1.1 Transmutations
 + Level 3.5 Poison Magic


You had 4 spell levels left.
You knew the following spells:

 Your Spells              Type           Power      Damage    Failure   Level
a - Sting                 Tmut/Pois      32%        1d4       9%          1

Your spell library contained the following spells:

 Spells                   Type           Power      Damage    Failure   Level
 Poisonous Vapours        Pois/Air       12%        N/A       16%         2
 Mephitic Cloud           Conj/Pois/Air  5%         N/A       38%         3
 Olgreb's Toxic Radiance  Pois           12%        N/A       45%         4


Dungeon Overview and Level Annotations

Branches:
Dungeon (2/15)

Altars:


Innate Abilities, Weirdness & Mutations

You are immune to sickness and miasma.
Your stone body is resilient. (AC +2)
You are immune to poison.
You resist negative energy. (rN+)
You are resistant to electric shocks. (rElec)
You are resistant to unholy torment.
You are immune to petrification.


Message History

Aiming: Sting (safe; 9% risk of failure)
Press: ? - help, Q - select action Shift-Dir - straight line, f - worm
Aim: a worm (89% to hit)
The sting hits the worm but does no damage.
The worm is poisoned.
Aiming: Sting (safe; 9% risk of failure)
Press: ? - help, Q - select action Shift-Dir - straight line, f/p - worm
Aim: a worm (poisoned, 89% to hit)
The sting hits the worm but does no damage.
The worm looks even sicker.
Aiming: Sting (safe; 9% risk of failure)
Press: ? - help, Q - select action Shift-Dir - straight line, f/p - worm
Aim: a worm (very poisoned, 89% to hit)
The sting hits the worm.
The worm looks even sicker.
The worm is lightly wounded.
You barely miss the worm. You hit the worm.
The worm is lightly wounded.
The worm bites you.
You barely miss the worm.
The worm is lightly wounded.
You barely miss the worm.
The worm is lightly wounded.
You hit the worm.
The worm is moderately wounded.
The worm bites you.
You hit the worm.
The worm is heavily wounded.
You hit the worm.
The worm is severely wounded.
The worm bites you.
You hit the worm.
The worm is severely wounded.
You hit the worm but do no damage.
The worm is severely wounded.
You barely miss the worm.
The worm is almost dead.
The worm bites you!
Ouch! That really hurt!
You die...

##### .....
......
#.######......
#.....@w.##..
########.........
...........#.....
....#..#<..# ....
. .....#...# #.#
.......#...... #
...##..#.#....#
.. ............ #
.##.#.###....


You could see a worm (very poisoned).

Vanquished Creatures
  An endoplasm (D:1)
  A giant cockroach (D:1)
  3 goblins (D:1)
  2 hobgoblins (D:1)
  A kobold (D:1)
  2 quokkas (D:1)
  5 ball pythons (D:1)
  A bat (D:1)
  2 frilled lizards (D:1)
  A rat (D:1)
19 creatures vanquished.

Notes
Turn   | Place    | Note
-------+----------+-------------------------------------------
     0 | D:1      | ZARRMARR the Gargoyle Venom Mage began the quest for the
                  | Orb.
     0 | D:1      | Reached XP level 1. HP: 10/10 MP: 3/3
   172 | D:1      | Reached XP level 2. HP: 15/15 MP: 5/5
   528 | D:1      | Reached skill level 1 in Transmutations
  1325 | D:2      | Slain by a worm

Illustrated notes

Levels and vault maps discovered:
D:1:      ebering_trefoil_twist, layout_basic, st_stairs_14,
          minmay_misc_feat_iff, minmay_misc_feat_chi, dk_noncrumbling_2,
          hangedman_decor_diamond_cutter
D:2:      layout_basic

Skill      XL: |  1  2 |
---------------+-------+-----
Transmutations | 1 |  1.1
Dodging        | |  1.7
Stealth        | |  2.4
Spellcasting   | |  2.1
Poison Magic   | |  3.5

Action                   || total
-------------------------++-------
Melee: Unarmed           ||    12
       Dagger            ||    47
 Cast: Sting             ||    21
  Use: Scroll            ||     2
 Stab: Sleeping          ||     5
Armor: Robe              ||    11
Dodge: Dodged            ||    23
